AoeStats
← pelicanul

Arabia

506682727Analyzed
4v4 RM · 18d ago on Sep 14, 2026· 39m 52s· 8 players
Game mode
Random Map
Map size
Large (8 player)
Population
200
Speed
Normal
Resources
Standard
Victory
Conquest
Starting age
Dark Age
Ending age
Imperial Age
RankedLock teamsTeams togetherTeam positionsShared explorationLock speedFull tech treeHidden civsTurbo modeCheats
Victory
Defeat
🇷🇴 Romans · Romania
1032
+14
997
+15
🇲🇽 Spanish · Mexico
993
+16
🇷🇴 Inca · Romania
985
+16
🇩🇰 Italians · Denmark
1006
-16
🇷🇺 Bengalis · Russia
981
-15
🇬🇧 Teutons · United Kingdom
980
-15
🇩🇪 Aztecs · Germany
973
-15
Professor Milka
5:28 Loom
11:42 Feudal Age
12:09 Horse Collar
19:06 Castle Age
19:44 Eagle Warrior
20:40 Scale Mail Armor
22:48 Gold Mining
22:45 Double-Bit Axe
22:40 Crossbowman
24:37 Fletching
25:21 Man-at-Arms
27:10 Chain Mail Armor
27:06 Forging
27:23 Long Swordsman
29:05 Gambesons
31:43 Wheelbarrow
35:52 Imperial Age
34:33 Heavy Plow
35:09 Atlatl
36:21 Two-Handed Swordsman
37:10 Pikeman
38:48 Champion
40:00 Plate Mail Armor
szczuply23
0:31 Loom
12:59 Feudal Age
13:23 Horse Collar
13:30 Double-Bit Axe
15:12 Stone Mining
20:08 Castle Age
22:09 Elite Skirmisher
24:42 Fletching
31:09 Padded Archer Armor
34:29 Leather Archer Armor
37:31 Heavy Plow
37:44 Bow Saw
37:28 Gold Mining
maltheh9797
12:24 Feudal Age
13:44 Double-Bit Axe
21:57 Castle Age
20:00 Fletching
20:10 Padded Archer Armor
22:32 Crossbowman
23:09 Bodkin Arrow
25:30 Bow Saw
25:27 Loom
25:55 Squires
27:59 Wheelbarrow
30:06 Thumb Ring
30:21 Leather Archer Armor
31:07 Bloodlines
30:58 Husbandry
31:27 Light Cavalry
33:19 Horse Collar
35:22 Gold Mining
35:53 Hand Cart
36:49 Ballistics
39:38 Imperial Age
39:18 Treadmill Crane
39:52 Forging
39:48 Scale Barding Armor
Sairax
9:28 Loom
11:32 Feudal Age
16:51 Castle Age
15:19 Horse Collar
16:08 Double-Bit Axe
23:24 Wheelbarrow
27:09 Bow Saw
28:08 Gold Mining
32:20 Imperial Age
30:03 Bloodlines
30:41 Husbandry
31:28 Forging
31:23 Scale Barding Armor
31:21 Heavy Plow
32:52 Paiks
33:06 Hand Cart
32:37 Town Watch
33:31 Iron Casting
34:51 Two-Man Saw
34:42 Chain Barding Armor
35:23 Blast Furnace
34:52 Conscription
35:24 Stone Mining
35:27 Elite Battle Elephant
37:18 Plate Barding Armor
marcobecerrap
10:46 Feudal Age
12:40 Wheelbarrow
11:52 Double-Bit Axe
14:29 Loom
17:39 Castle Age
16:36 Horse Collar
22:33 Bow Saw
26:55 Elite Skirmisher
29:55 Hand Cart
35:31 Imperial Age
34:45 Thumb Ring
37:17 Conscription
38:00 Conscription
37:31 Capped Ram
38:18 Fletching
39:29 Bodkin Arrow
39:34 Padded Archer Armor
39:45 Forging
39:59 Ballistics
40:40 Chemistry
40:00 Scale Barding Armor
39:55 Scale Mail Armor
Takumi
11:40 Feudal Age
13:30 Horse Collar
17:31 Castle Age
15:52 Double-Bit Axe
16:02 Gold Mining
17:36 Champi Runner
18:20 Scale Mail Armor
19:16 Wheelbarrow
19:17 Champi Warrior
22:27 Town Watch
25:53 Chain Mail Armor
27:19 Forging
30:17 Hand Cart
32:03 Squires
32:07 Town Patrol
34:28 Iron Casting
42:35 Imperial Age
Arquitecto Pasivo 972267844
5:08 Loom
11:44 Feudal Age
16:16 Castle Age
18:45 Wheelbarrow
17:56 Double-Bit Axe
18:35 Town Watch
24:51 Gold Mining
25:29 Bow Saw
28:09 Gold Shaft Mining
32:08 Imperial Age
31:18 Forging
31:13 Scale Barding Armor
32:01 Husbandry
32:12 Cavalier
39:08 Paladin
40:08 Chivalry
pelicanul
11:38 Feudal Age
11:39 Man-at-Arms
15:30 Scale Mail Armor
17:48 Wheelbarrow
18:10 Horse Collar
24:22 Castle Age
22:35 Stone Mining
23:26 Forging
24:44 Long Swordsman
26:21 Squires
Connection lost

Rejoining the realm…

Still unreachable

The connection could not be restored.

Session expired

The server has moved on; the page needs a fresh start.